 Dungeon Crawl Stone Soup version 0.19-a0-1111-gcceb26a (webtiles) character file.

384 torvon the Grave Robber (level 6, 0/47 HPs)
             Began as a Demonspawn Necromancer on Aug 10, 2016.
             Slain by a gnoll
             ... wielding a +0 spear
              (7 damage)
             ... on level 4 of the Dungeon.
             The game lasted 00:28:34 (5271 turns).

torvon the Grave Robber (Demonspawn Necromancer)    Turns: 5271, Time: 00:28:34

Health: 0/47       AC:  5    Str: 10    XL:     6   Next: 47%
Magic:  3/9        EV: 13    Int: 18    God:
Gold:   190        SH:  0    Dex: 14    Spells: 3 memorised, 4 levels left

rFire  . . .     SeeInvis .     f - +0 spear
rCold  . . .     Gourm    .     a - +0 robe
rNeg   . . .     Faith    .     (no shield)
rPois  .         Spirit   .     B - +0 helmet
rElec  .         Dismiss  .     (no cloak)
rCorr  .         Reflect  .     (no gloves)
SustAt .         Harm     .     (no boots)
MR     .....                    (no amulet)
Stlth  ++........               (no ring)
                                N - +2 ring of intelligence

@: very slightly contaminated
A: hooves 2, molten scales 1, powered by pain 1
a: no special abilities


You were on level 4 of the Dungeon.
You were not hungry.

You visited 1 branch of the dungeon, and saw 4 of its levels.
You also visited: Ossuary.

You collected 190 gold pieces.

Inventory:

Hand Weapons
 f - a +0 spear (weapon)
 j - a +0 hand axe
 n - a +0 dagger
 v - a +0 trident
 y - a +0 dagger
 z - a +0 club
 D - a -2 dagger
 M - a +0 short sword
Missiles
 e - 117 stones (quivered)
 g - 2 needles of confusion
 h - 110 arrows
Armour
 a - a +0 robe (worn)
 d - a +0 leather armour
 p - a +0 large shield
 A - a +0 animal skin
 B - a +0 helmet (worn)
Magical Staves
 o - an uncursed staff of air
Jewellery
 N - a +2 ring of intelligence (left hand)
Wands
 i - a wand of digging (13/24)
Scrolls
 r - a scroll of noise
 t - 2 scrolls of enchant weapon {unknown}
 u - a scroll of recharging {unknown}
 w - a scroll of immolation {unknown}
 x - 2 scrolls of amnesia
 H - 3 scrolls of identify
 J - a scroll of enchant armour {unknown}
 K - 3 scrolls of remove curse
 P - a scroll of fog {unknown}
 Q - a scroll of random uselessness {unknown}
Potions
 k - a potion of lignification {unknown}
 m - 4 potions of might {unknown}
 q - a potion of curing {unknown}
 s - a potion of berserk rage {unknown}
 C - a potion of degeneration {unknown}
 E - a potion of mutation {unknown}
 F - a potion of magic {unknown}
 G - a potion of cure mutation {unknown}
 I - a potion of flight {unknown}
Books
 b - a book of Necromancy

   Spells                             Type                      Level
   a - Pain                           Necromancy                   1
   b - Animate Skeleton               Necromancy                   1
   c - Vampiric Draining              Necromancy                   3
   d - Regeneration                   Charms/Necromancy            3
   e - Animate Dead                   Necromancy                   4
   f - Control Undead                 Necromancy                   4
 O - a book of Necromancy

   Spells                             Type                      Level
   a - Pain                           Necromancy                   1
   b - Animate Skeleton               Necromancy                   1
   c - Vampiric Draining              Necromancy                   3
   d - Regeneration                   Charms/Necromancy            3
   e - Animate Dead                   Necromancy                   4
   f - Control Undead                 Necromancy                   4
Comestibles
 c - 5 bread rations
 l - a fruit
 L - 3 chunks of flesh


   Skills:
 + Level 3.4 Fighting
 + Level 1.7 Polearms
 + Level 3.4 Dodging
 - Level 1.7 Stealth
 - Level 2.0 Spellcasting
 * Level 6.0 Necromancy


You had 4 spell levels left.
You knew the following spells:

 Your Spells              Type           Power        Failure   Level  Hunger
a - Pain                  Necr           ###.         1%          1    #......
b - Animate Skeleton      Necr           N/A          1%          1    #......
c - Vampiric Draining     Necr           ###.......   4%          3    ###....


Dungeon Overview and Level Annotations

Branches:
Dungeon (4/15)
 Temple: D:4-7

Altars:
Dithmenos
Pakellas
Zin


Innate Abilities, Weirdness & Mutations

You have hoof-like feet.
You are partially covered in molten scales. (AC +2)
You sometimes gain a little power by taking damage.


Message History

You shiver with cold.
The gnoll closely misses you.
Casting: Vampiric Draining
Confirm with . or Enter, or press ? or * to list all spells.
Aiming: Pain
Press: ? - help, Shift-Dir - straight line, f/p - gnoll
Aim: a gnoll, wielding a spear (heavily wounded, chance to defeat MR: 88%)
The gnoll writhes in agony!
The gnoll barely misses you.
Casting: Pain
Confirm with . or Enter, or press ? or * to list all spells.
Aiming: Pain
Press: ? - help, Shift-Dir - straight line, f/p - gnoll
Aim: a gnoll, wielding a spear (severely wounded, chance to defeat MR: 88%)
The gnoll writhes in agony!
The gnoll barely misses you.
Casting: Pain
Confirm with . or Enter, or press ? or * to list all spells.
Aiming: Pain
Press: ? - help, Shift-Dir - straight line, f/p - gnoll
Aim: a gnoll, wielding a spear (almost dead, chance to defeat MR: 88%)
The gnoll barely resists.
The gnoll hits you with a spear!
You die...

#.###.##.#..#..####...#
#.....##.......# #...#
###.####.#..##.####...###
#.........[..#.........
######.#..####.###..###
#..............###
#.#..########..... #.#..#
#.#### #@#..########.###
#g#.............#
#.#.########....##
#....)............
###)#########.....
..########.....
...............
..########..... # #.....


You could see a gnoll.

Vanquished Creatures
  A big kobold (D:4)
  An iguana (D:4)
  A worker ant (D:4)
  Robin (D:2)
  A mummy (D:4)
  3 gnolls (D:4)
  8 adders
  2 adder skeletons (D:4)
  4 worms
  2 dart slugs
  4 giant geckos
  3 orcs (D:3)
  3 giant cockroaches
  14 goblins
  8 hobgoblins
  2 jackals (D:2)
  A quokka (D:3)
  2 ball pythons
  6 bats
  3 giant newts
  2 kobolds (D:1)
  5 rats
77 creatures vanquished.

Vanquished Creatures (collateral kills)
  A hound (D:3)
  An adder (D:2)
  A worm (D:2)
  A dart slug (D:2)
  2 hobgoblins (D:1)
  3 kobolds
  2 rats
11 creatures vanquished.

Grand Total: 88 creatures vanquished

Notes
Turn   | Place    | Note
-------+----------+-------------------------------------------
     0 | D:1      | torvon the Demonspawn Necromancer began the quest for the Orb.
     0 | D:1      | Reached XP level 1. HP: 13/13 MP: 3/3
    30 | D:1      | Learned a level 1 spell: Animate Skeleton
   459 | D:1      | Reached skill level 1 in Fighting
   505 | D:1      | Gained mutation: You have large cloven feet. [demonic ancestry]
   505 | D:1      | Reached XP level 2. HP: 13/21 MP: 3/5
  1185 | D:2      | Reached XP level 3. HP: 24/26 MP: 6/6
  1378 | D:2      | Noticed Robin
  2107 | D:2      | Learned a level 3 spell: Vampiric Draining
  2197 | D:2      | Gained mutation: You are partially covered in molten scales. (AC +2) [demonic ancestry]
  2197 | D:2      | Reached XP level 4. HP: 33/34 MP: 4/7
  2237 | D:2      | Reached skill level 5 in Necromancy
  2254 | D:2      | Found an oddly glowing altar of Pakellas.
  2607 | D:2      | Killed Robin
  3293 | D:3      | Gained mutation: You sometimes gain a little power by taking damage. [demonic ancestry]
  3293 | D:3      | Reached XP level 5. HP: 10/39 MP: 1/8
  3712 | D:3      | Found a glowing silver altar of Zin.
  4090 | D:3      | Found a shadowy altar of Dithmenos.
  4264 | D:3      | Reached skill level 1 in Polearms
  4491 | D:4      | Gained mutation: You have hoof-like feet. [demonic ancestry]
  4491 | D:4      | Reached XP level 6. HP: 40/47 MP: 6/9
  4833 | D:4      | Found a sand-covered staircase.
  4849 | Ossuary  | Entered an ossuary
  5260 | D:4      | Reached skill level 6 in Necromancy
  5271 | D:4      | Slain by a gnoll

Vault maps used:
D:1:      lightli_arrival_statuegarden
D:2:      lemuel_coloured_pillars_altar, first_bread, supply_closet_lemuel,
          uniq_robin
D:3:      nicolae_dithmenos_shadow_blocks, zin_scriptorium,
          kennysheep_generic_room_11
D:4:      enter_ossuary_3, minmay_hedge_maze, minmay_lizard_king
Ossuary:  ossuary_zaba_flooded

Skill      XL: |  1  2  3  4  5  6 |
---------------+-------------------+-----
Dodging        | 2 3 |  3.4
Fighting       | 1 2 3 |  3.4
Necromancy     | 5 6 |  6.0
Polearms       | 1 |  1.7
Stealth        | |  1.7
Spellcasting   | |  2.0

Action                   |  1- 3 |  4- 6 || total
-------------------------+-------+-------++-------
Melee: Hand axe          |    70 |    28 ||    98
       Unarmed           |     7 |       ||     7
       Kick              |    14 |    38 ||    52
       Dagger            |       |    27 ||    27
       Spear             |       |   105 ||   105
 Cast: Pain              |    27 |    90 ||   117
       Animate Skeleton  |    13 |    15 ||    28
       Vampiric Draining |       |     2 ||     2
Evoke: Wand              |       |     1 ||     1
  Use: Scroll            |       |     7 ||     7
 Stab: Sleeping          |       |     1 ||     1
  Eat: Chunk             |     5 |     3 ||     8
       Fruit             |       |     2 ||     2
       Meat ration       |       |     1 ||     1
       Beef jerky        |       |     1 ||     1
Armor: Robe              |    19 |    39 ||    58
Dodge: Dodged            |    78 |   120 ||   198
